 Dungeon Crawl Stone Soup version 0.32-a0-893-gf85d74f360 (webtiles) character file.

Game seed: 549694297189651830

538 GiantSquids the Shooter (level 7, -2/50 HPs)
             Began as a Coglin Hunter on Apr 3, 2024.
             Was a Believer of Nemelex Xobeh.
             Slain by Duvessa
             ... wielding a +0 short sword
              (10 damage)
             ... on level 4 of the Dungeon.
             The game lasted 00:03:48 (3079 turns).

GiantSquids the Shooter (Coglin Hunter)             Turns: 3079, Time: 00:03:48

Health: -2/50      AC:  3    Str: 11    XL:     7   Next: 26%
Magic:  7/7        EV: 11    Int:  8    God:    Nemelex Xobeh [**....]
Gold:   163        SH:  0    Dex: 20    Spells: 6/6 levels left

rFire   . . .        a - +2 sling {Cihuaton}
rCold   . . .        d - +0 sling {Yadidatum}
rNeg    . . .        c - +0 leather armour
rPois   .            (no helmet)
rElec   .            (no cloak)
rCorr   .            (no gloves)
SInv    .            (no boots)
Will    .....        (amulet unavailable)
Stlth   +            (ring unavailable)
HPRegen 0.28/turn    (ring unavailable)
MPRegen 0.10/turn    (no gizmo)

%: no passive effects
@: lit by a corona, glowing, revved
A: off-hand wielding, slow wielding, warmup strikes, no jewellery
a: Invent Gizmo, Renounce Religion, Draw Escape, Draw Destruction, Draw
Summoning


You were on level 4 of the Dungeon.
You worshipped Nemelex Xobeh.
Nemelex Xobeh was pleased with you.
You visited 1 branch of the dungeon, and saw 4 of its levels.

You collected 163 gold pieces.

Inventory:

Hand Weapons
 a - a +2 sling (weapon) {Cihuaton}
 d - a +0 sling (offhand) {Yadidatum}
Missiles
 u - a throwing net
Armour
 c - a +0 leather armour (worn)
Scrolls
 b - a scroll of butterflies
 g - a scroll of poison {unknown}
 h - 4 scrolls of teleportation {unknown}
 i - 2 scrolls of noise {unknown}
 l - 2 scrolls of enchant weapon {unknown}
 m - a scroll of immolation {unknown}
 n - 3 scrolls of identify {unknown}
 o - a scroll of enchant armour {unknown}
 p - a scroll of blinking {unknown}
 q - a scroll of fear {unknown}
 t - a scroll of amnesia {unknown}
 v - a scroll of brand weapon {unknown}
Potions
 e - a potion of heal wounds {unknown}
 f - 2 potions of curing {unknown}
 j - a potion of magic {unknown}
 k - a potion of haste {unknown}
 r - a potion of enlightenment {unknown}
 s - a potion of brilliance {unknown}


   Skills:
 - Level 2.0 Fighting
 + Level 7.8 Ranged Weapons
 - Level 1.7 Dodging
 - Level 0.7 Stealth


You had 6 spell levels left.
You didn't know any spells.
Your spell library contained the following spells:

 Spells                   Type           Power      Damage    Failure   Level
 Lesser Beckoning         Tloc           0%         N/A       65%         2
 Hailstorm                Conj/Ice       0%         3d5       86%         3
 Maxwell's Portable Pile  Tloc           0%         2d(5-13)  86%         3
 Summon Ice Beast         Ice/Summ       0%         N/A       86%         3
 Teleport Other           Tloc           0%         N/A       86%         3
 Permafrost Eruption      Ice/Erth       0%         2x4d1     100%        6
 Sculpt Simulacrum        Ice/Alch       0%         N/A       100%        6


Dungeon Overview and Level Annotations

Branches:
Dungeon (4/15)
 Temple: D:4-7

Altars:
Nemelex Xobeh

Shops:
D:2 (   D:4 *

Annotations:
D:4 Duvessa


Innate Abilities, Weirdness & Mutations

You can wield a second weapon in your off-hand.
It takes a long time for you to wield or remove held weapons.
Your first few attacks do less damage.
You cannot equip rings or amulets.


Message History

You shoot a sling bullet. The sling bullet hits Dowan!
Dowan is almost dead.
You shoot a sling bullet.
The sling bullet hits Dowan but does no damage.
Dowan is almost dead.
You shoot a sling bullet. The sling bullet hits Dowan.
Dowan is almost dead.
You shoot a sling bullet.
The sling bullet completely misses Dowan.
Dowan closely misses you.
You shoot a sling bullet.
The sling bullet hits Dowan but does no damage.
Dowan is almost dead.
You shoot a sling bullet. The sling bullet hits Dowan.
You kill Dowan!
Duvessa weeps, and shakes her weapon.
Duvessa goes berserk!
Duvessa hits you with a +0 short sword! Duvessa closely misses you.
You shoot a sling bullet.
The sling bullet hits Duvessa but does no damage.
Duvessa is lightly wounded.
You shoot a sling bullet.
The sling bullet hits Duvessa but does no damage.
Duvessa is lightly wounded.
Duvessa hits you with a +0 short sword! Duvessa hits you with a +0 short sword.
You shoot a sling bullet.
The sling bullet hits Duvessa but does no damage.
Duvessa is lightly wounded.
You shoot a sling bullet.
The sling bullet closely misses Duvessa.
Duvessa hits you with a +0 short sword!
* * * LOW HITPOINT WARNING * * *
You shoot a sling bullet. The sling bullet hits Duvessa.
Duvessa is lightly wounded.
You shoot a sling bullet.
The sling bullet hits Duvessa but does no damage.
Duvessa is lightly wounded.
Duvessa completely misses you. Duvessa hits you with a +0 short sword!
You die...
Your body disappears without additional glow.

### ##.........# ..#
#....#.....# ..#
#....#.....# ..#
#....'.....#
.###########.....# ##+
##.........##'#### ....
...........#.....# .....
...........#....)#......
...........'....@e......
...........#######......
............... ...##
##.............. ..#
.#............... ...
.#............... ..
.#............... .
.'...............
.#............


You could see Duvessa (berserk).

Vanquished Creatures
  A black bear (D:4)
  A centaur (D:4)
  A phantom (D:4)
  Dowan (D:4)
  2 hounds (D:4)
  An orc priest (D:2)
  4 gnolls (D:4)
  4 adders
  2 dart slugs
  3 ribbon worms
  4 orcs (D:2)
  9 endoplasms
  4 giant cockroaches
  4 goblins
  6 hobgoblins
  4 quokkas
  6 ball pythons
  5 bats
  6 kobolds
  5 rats
73 creatures vanquished.

Notes
Turn   | Place    | Note
-------+----------+-------------------------------------------
     0 | D:1      | GiantSquids the Coglin Hunter began the quest for the Orb.
     0 | D:1      | Reached XP level 1. HP: 16/16 MP: 1/1
   211 | D:1      | Reached skill level 4 in Ranged Weapons
   211 | D:1      | Reached XP level 2. HP: 22/22 MP: 2/2
   723 | D:2      | Reached XP level 3. HP: 27/27 MP: 3/3
   800 | D:2      | Reached skill level 5 in Ranged Weapons
   800 | D:2      | Reached XP level 4. HP: 12/33 MP: 4/4
  1285 | D:2      | Found Inisk's Weapon Shop.
  1955 | D:3      | Found a faded altar of an unknown god.
  1964 | D:3      | Reached XP level 5. HP: 34/38 MP: 5/5
  1968 | D:3      | Prayed at the altar of an unknown god.
  1968 | D:3      | Became a worshipper of Nemelex Xobeh the Trickster
  1968 | D:3      | Reached * piety under Nemelex Xobeh
  2306 | D:4      | Received a gift from Nemelex Xobeh
  2307 | D:4      | Found Uhoha's General Store.
  2327 | D:4      | Noticed a centaur
  2339 | D:4      | Killed a centaur
  2340 | D:4      | Reached skill level 6 in Ranged Weapons
  2474 | D:4      | Reached XP level 6. HP: 44/44 MP: 6/6
  2569 | D:4      | Reached ** piety under Nemelex Xobeh
  2624 | D:4      | Reached skill level 7 in Ranged Weapons
  2827 | D:4      | Noticed a black bear
  2836 | D:4      | Killed a black bear
  2837 | D:4      | Reached XP level 7. HP: 44/50 MP: 7/7
  3065 | D:4      | Noticed Duvessa
  3066 | D:4      | Noticed Dowan
  3076 | D:4      | Killed Dowan
  3079 | D:4      | Slain by Duvessa

Illustrated notes

Levels and vault maps discovered:
D:1:      giann_horns, layout_loops_cross, kennysheep_minor_cross,
          minmay_misc_feat_hallway, hangedman_decor_slide_cut
D:2:      layout_loops_corners, serial_shops, nicolae_shop_back_alley_shop,
          st_stairs_12
D:3:      layout_basic, shapermc_ecumenical_altar_gd, wad_rectangle_vault
D:4:      layout_gridville, lemuel_round_altar, serial_shops, shop,
          nicolae_shop_overcharged_wands, uniq_duvessa

Skill      XL: |  1  2  3  4  5  6 |
---------------+-------------------+-----
Ranged Weapons | 4 5 6 7 |  7.8
Fighting       | |  2.0
Dodging        | |  1.7
Stealth        | |  0.7

Action                     |  1- 3 |  4- 6 |  7- 9 || total
---------------------------+-------+-------+-------++-------
   Fire: Sling             |    98 |   276 |    30 ||   404
 Armour: Leather armour    |     5 |    36 |     8 ||    49
  Dodge: Dodged            |     1 |    33 |     3 ||    37

Table legend: (Time is in decaauts)
 A = Elapsed time spent in this place.
 B = Non-inter-level travel time spent in this place.
 C = Inter-level travel time spent in this place.
 D = Time resting spent in this place.
 E = Time spent auto-exploring this place.
 F = Levels seen in this place.
 G = Mean time per level.
                   A        B        C        D        E       F      G
               +--------+--------+--------+--------+--------+-----+--------+
         Total |   3112 |   3059 |     53 |    219 |   2450 |   4 |  778.0 |
       Dungeon |   3112 |   3059 |     53 |    219 |   2450 |   4 |  778.0 |
               +--------+--------+--------+--------+--------+-----+--------+

Top non-repeatable levels by time:
     D:2: 1025 daAuts
     D:4: 781 daAuts
     D:3: 668 daAuts
     D:1: 636 daAuts
